 Dungeon Sprint DCSS version 0.17-a0-1625-g47e540b (webtiles) character file.

16300000 hexophile the Axe Maniac (level 27, -37/174 HPs)
             Began as a Spriggan Warper on Aug 2, 2015.
             Was the Champion of Makhleb.
             Annihilated by a meat berserker
             ... wielding a +9 battleaxe
              (65 damage)
             ... in the Dungeon (Sprint VIII: "Arena of Blood").
             The game lasted 00:05:07 (163 turns).

hexophile the Axe Maniac (Spriggan Warper)           Turns: 163, Time: 00:05:07

Health: -37/174    AC:  4    Str: 12    XL:     27
Magic:  44/55      EV: 37    Int: 23    God:    Makhleb [******]
Gold:   0          SH:  0    Dex: 15    Spells: 2 memorised, 77 levels left

rFire  . . .     SeeInvis +     l - +∞ Axe of Woe
rCold  . . .     Clarity  .     b - +0 robe
rNeg   . . .     SustAt   .     (shield restricted)
rPois  .         Gourm    .     (helmet restricted)
rElec  .         Spirit   .     (no cloak)
rCorr  .         Warding  .     (gloves unavailable)
rMut   .         NoTele   +     (boots unavailable)
MR     ++++.                    (no amulet)
Stlth  ++++++++++               (no ring)
                                (no ring)

@: lethally poisoned (-37 -> -173), very slightly contaminated, slowed, quick,
incredibly resistant to hostile enchantments, uncannily stealthy
A: unfitting armour, see invisible, herbivore 3, speed 3, slow metabolism 2
a: Minor Destruction, Lesser Servant of Makhleb, Major Destruction, Greater
Servant of Makhleb, Renounce Religion


You were in the Dungeon.
You worshipped Makhleb.
Makhleb was exalted by your worship.
You were not hungry.

You visited 1 branch

Inventory:

Hand weapons
 a - a +0 hand axe
 l - the +∞ Axe of Woe (weapon)
   (You found it in the Dungeon)
Missiles
 e - 5 tomahawks of dispersal (quivered)
Armour
 b - a +0 robe (worn)
Jewellery
 h - an uncursed ring of protection from fire
 m - an uncursed ring of see invisible
Potions
 i - a potion of haste
 j - 2 potions of magic
 k - a potion of berserk rage
Books
 c - a book of Spatial Translocations

   Spells                             Type                      Level
   a - Apportation                    Translocation                1
   b - Blink                          Translocation                2
   c - Shroud of Golubria             Charms/Translocation         2
   d - Portal Projectile              Translocation                3
   e - Teleport Other                 Translocation                3
   f - Passage of Golubria            Translocation                4
Comestibles
 f - a bread ration


   Skills:
 O Level 27 Fighting
 O Level 27 Axes
 O Level 27 Throwing
 O Level 27 Armour
 O Level 27 Dodging
 O Level 27 Stealth
 O Level 27 Unarmed Combat
 O Level 27 Spellcasting
 O Level 27 Translocations
 O Level 27 Invocations


You had 77 spell levels left.
You knew the following spells:

 Your Spells              Type           Power        Failure   Level  Hunger
a - Apportation           Tloc           ########..   0%          1    None
b - Blink                 Tloc           N/A          0%          2    None


Dungeon Overview and Level Annotations

Branches:
Dungeon (1/1)

Altars:
Makhleb


Innate Abilities, Weirdness & Mutations

You are tiny and cannot use many weapons and most armour.
You have supernaturally acute eyesight.
You are a herbivore.
You cover ground extremely quickly.
You need consume almost no food.


Message History

The fleshlord mumbles some strange words.
The fleshlord seems to speed up.
A crawling corpse merges with a small abomination to form a large abomination.
You hear a shout! x2
A great orb of eyes, a vampire knight and a wraith come into view.
Unknown command.
Unknown command.
Unknown command.
Casting: Blink
Confirm with . or Enter, or press ? or * to list all spells.
You blink.
The destroyer shouts!
A meat beast comes into view.
* * * LOW HITPOINT WARNING * * *
You feel extremely sick.
You hear a shout!
The meat berserker rages.
You hear a shout!
The meat berserker hits you with a +9 battleaxe!!!
You die...

.........###......W###O........
........V).#.......#.........o.
........2..#....V.p#...........
..#.z..))2X....O..D.........§).
#.#.#.).).....§xpW..o.#...#...
.#.#...).........O..M#....#V..
#.#.#.....x.z.WO...##.....#...
..#.#..x.G#....O..p#zW....#x...
oo........o.p.@.o..#...###O...#
##Co.....##O#p.......%)%..%)#..
##..O....G........O......x)...
....C####..DW#.....####))))....
##.............x.....#..)))..##
####.............%....%))####
####.........)...).####
#################


You could see an accursed, 2 meat beasts, 2 eight-headed meat hydras, 2
destroyers, an observer (invisible), 5 fleshlords, a sculptor of flesh, a large
abomination, 3 dreads, 6 meat berserkers and 3 bags of meat.

Vanquished Creatures
  5 hell knights (D)
  4 hell beasts (D)
  A greater mummy (D)
  4 great orbs of eyes (D)
  3 wraiths (D)
  Harold (D)
  9 vampire knights (D)
  25 ogres (D)
  4 liches (D)
  A hydra (D)
  58 orcs (D)
  5 phantoms (D)
  4 hill giants (D)
  4 skeletal warriors (D)
  3 sea snakes (D)
  5 large abominations (D)
  4 small abominations (D)
  13 crawling corpses (D)
153 creatures vanquished.

Vanquished Creatures (others)
  A crawling corpse (D)
1 creature vanquished.

Grand Total: 154 creatures vanquished

Notes
Turn   | Place    | Note
--------------------------------------------------------------
     0 | D        | hexophile the Spriggan Warper began the quest for the Orb.
     0 | D        | Reached XP level 1. HP: 10/10 MP: 5/5
     3 | D        | Noticed a bag of meat
     4 | D        | Became a worshipper of Makhleb the Destroyer
     5 | D        | Noticed a meat berserker
     6 | D        | Noticed a bag of meat
     7 | D        | Noticed a bag of meat
     8 | D        | Killed a meat berserker
     8 | D        | Reached skill level 25 in Axes
     8 | D        | Reached XP level 2. HP: 14/14 MP: 6/6
     8 | D        | Reached XP level 3. HP: 18/18 MP: 8/8
     8 | D        | Reached XP level 4. HP: 22/22 MP: 9/9
     8 | D        | Reached XP level 5. HP: 25/25 MP: 10/10
     8 | D        | Reached XP level 6. HP: 30/30 MP: 11/11
     8 | D        | Reached XP level 7. HP: 33/33 MP: 12/12
     8 | D        | Reached XP level 8. HP: 37/37 MP: 13/13
     8 | D        | Reached XP level 9. HP: 41/41 MP: 14/14
     8 | D        | Reached XP level 10. HP: 46/46 MP: 15/15
     8 | D        | Reached XP level 11. HP: 49/49 MP: 16/16
     8 | D        | Reached XP level 12. HP: 53/53 MP: 17/17
     8 | D        | Reached XP level 13. HP: 57/57 MP: 18/18
     9 | D        | Noticed a bag of meat
     9 | D        | Noticed a bag of meat
    10 | D        | Noticed a meat berserker
    11 | D        | Noticed a bag of meat
    11 | D        | Noticed a meat berserker
    11 | D        | Killed a bag of meat
    11 | D        | Acquired Makhleb's first power
    11 | D        | Reached skill level 27 in Axes
    11 | D        | Reached skill level 5 in Fighting
    12 | D        | Noticed a bag of meat
    12 | D        | Noticed a bag of meat
    12 | D        | Noticed a bag of meat
    12 | D        | Noticed a bag of meat
    12 | D        | Noticed a bag of meat
    12 | D        | Killed a bag of meat
    12 | D        | Reached skill level 10 in Fighting
    12 | D        | Reached XP level 14. HP: 60/77 MP: 19/19
    13 | D        | Noticed a bag of meat
    13 | D        | Noticed a bag of meat
    13 | D        | Killed a meat berserker
    13 | D        | Acquired Makhleb's second power
    13 | D        | Reached skill level 15 in Fighting
    13 | D        | Reached XP level 15. HP: 63/91 MP: 20/20
    18 | D        | Noticed a bag of meat
    18 | D        | Noticed a meat berserker
    19 | D        | Noticed a bag of meat
    19 | D        | Killed a bag of meat
    20 | D        | Noticed a bag of meat
    20 | D        | Noticed a bag of meat
    21 | D        | Noticed a bag of meat
    21 | D        | Noticed a bag of meat
    21 | D        | Noticed a bag of meat
    22 | D        | Killed a bag of meat
    22 | D        | Acquired Makhleb's third power
    22 | D        | Reached skill level 27 in Dodging
    23 | D        | Noticed a bag of meat
    23 | D        | Killed a meat berserker
    23 | D        | Reached XP level 16. HP: 103/112 MP: 21/21
    24 | D        | Killed a bag of meat
    25 | D        | Noticed a meat berserker
    26 | D        | Killed a bag of meat
    26 | D        | Acquired Makhleb's fourth power
    26 | D        | Reached skill level 27 in Fighting
    26 | D        | Reached XP level 17. HP: 121/121 MP: 21/29
    27 | D        | Noticed a bag of meat
    27 | D        | Killed a meat berserker
    27 | D        | Killed a bag of meat
    27 | D        | Acquired Makhleb's fifth power
    27 | D        | Killed a bag of meat
    27 | D        | Reached skill level 15 in Invocations
    27 | D        | Reached XP level 18. HP: 127/127 MP: 21/41
    27 | D        | Killed a bag of meat
    28 | D        | Noticed a destroyer
    28 | D        | Noticed a destroyer
    30 | D        | Noticed a meat berserker
    30 | D        | Noticed a large bag of meat
    31 | D        | Noticed a bag of meat
    31 | D        | Noticed a bag of meat
    32 | D        | Noticed a bag of meat
    33 | D        | Noticed The Servant
    34 | D        | Noticed a sculptor of flesh
    37 | D        | Noticed a bag of meat
    40 | D        | Noticed a destroyer
    43 | D        | Killed a bag of meat
    45 | D        | Noticed a destroyer
    48 | D        | Killed a destroyer
    48 | D        | Reached skill level 27 in Stealth
    48 | D        | Reached skill level 27 in Translocations
    48 | D        | Reached XP level 19. HP: 132/132 MP: 24/48
    50 | D        | Noticed a bag of meat
    50 | D        | Noticed a bag of meat
    51 | D        | Noticed a bag of meat
    51 | D        | Noticed a meat berserker
    51 | D        | Noticed a bag of meat
    51 | D        | Noticed a bag of meat
    51 | D        | Noticed a bag of meat
    51 | D        | Noticed a sculptor of flesh
    52 | D        | Noticed a bag of meat
    52 | D        | Noticed a bag of meat
    52 | D        | Killed a destroyer
    52 | D        | Reached skill level 27 in Spellcasting
    53 | D        | Noticed a meat berserker
    53 | D        | Noticed a meat berserker
    53 | D        | Noticed a bag of meat
    53 | D        | Noticed a bag of meat
    53 | D        | Noticed a sculptor of flesh
    53 | D        | Noticed a meat berserker
    54 | D        | Noticed a bag of meat
    54 | D        | Noticed a large bag of meat
    54 | D        | Noticed a destroyer
    55 | D        | Noticed a meat berserker
    55 | D        | Killed a bag of meat
    55 | D        | Reached skill level 27 in Invocations
    56 | D        | Noticed a bag of meat
    56 | D        | Killed a meat berserker
    56 | D        | Reached skill level 15 in Throwing
    56 | D        | Reached XP level 20. HP: 137/137 MP: 26/52
    56 | D        | Killed a meat berserker
    56 | D        | Reached skill level 15 in Unarmed Combat
    57 | D        | Noticed a bag of meat
    57 | D        | Noticed a sculptor of flesh
    58 | D        | Noticed a meat berserker
    58 | D        | Noticed a meat berserker
    58 | D        | Noticed a large bag of meat
    58 | D        | Killed a sculptor of flesh
    58 | D        | Reached skill level 15 in Armour
    58 | D        | Killed a meat berserker
    58 | D        | Reached XP level 21. HP: 142/142 MP: 26/53
    59 | D        | Noticed an accursed
    59 | D        | Killed a bag of meat
    59 | D        | Killed a meat berserker
    59 | D        | Killed a bag of meat
    59 | D        | Reached skill level 27 in Throwing
    60 | D        | Noticed a meat berserker
    60 | D        | Noticed a tyrant
    60 | D        | Killed a meat berserker
    60 | D        | Killed a bag of meat
    60 | D        | Reached XP level 22. HP: 148/148 MP: 27/54
    61 | D        | Noticed a bag of meat
    61 | D        | Noticed a meat berserker
    61 | D        | Killed a meat berserker
    61 | D        | Killed a bag of meat
    61 | D        | Reached skill level 27 in Unarmed Combat
    61 | D        | Killed a meat berserker
    61 | D        | Reached skill level 27 in Armour
    62 | D        | Killed a bag of meat
    62 | D        | Killed a bag of meat
    62 | D        | Reached XP level 23. HP: 153/153 MP: 27/55
    63 | D        | Noticed a bag of meat
    63 | D        | Killed a bag of meat
    63 | D        | Killed a bag of meat
    63 | D        | Killed a bag of meat
    63 | D        | Killed a meat berserker
    63 | D        | Killed a bag of meat
    64 | D        | Noticed a bag of meat
    64 | D        | Noticed a meat berserker
    64 | D        | Killed a bag of meat
    64 | D        | Reached XP level 24. HP: 158/158 MP: 28/55
    64 | D        | Killed a destroyer
    65 | D        | Noticed a destroyer
    65 | D        | Killed a meat berserker
    65 | D        | Killed a bag of meat
    66 | D        | Noticed a destroyer
    66 | D        | Noticed a bag of meat
    66 | D        | Noticed a destroyer
    66 | D        | Killed a bag of meat
    66 | D        | Killed a large bag of meat
    66 | D        | Killed a bag of meat
    66 | D        | Reached XP level 25. HP: 163/163 MP: 28/55
    66 | D        | Killed a meat berserker
    67 | D        | Noticed a bag of meat
    67 | D        | Noticed a large bag of meat
    67 | D        | Noticed a tyrant
    67 | D        | Killed a destroyer
    67 | D        | Killed a bag of meat
    68 | D        | Noticed a meat beast
    68 | D        | Noticed a bag of meat
    68 | D        | Killed a bag of meat
    69 | D        | Noticed a destroyer
    69 | D        | Killed a meat berserker
    69 | D        | Reached XP level 26. HP: 169/169 MP: 29/55
    69 | D        | Killed a large bag of meat
    69 | D        | Killed a meat beast
    70 | D        | Killed a destroyer
    70 | D        | Reached XP level 27. HP: 174/174 MP: 29/55
    71 | D        | Noticed a dread
    71 | D        | Killed a destroyer
    72 | D        | Noticed a meat beast
    72 | D        | Killed a bag of meat
    72 | D        | Killed a destroyer
    72 | D        | Killed a large bag of meat
    72 | D        | Killed a meat berserker
    73 | D        | Killed a bag of meat
    73 | D        | Killed a sculptor of flesh
    73 | D        | Killed a bag of meat
    74 | D        | Noticed a bag of meat
    74 | D        | Killed a bag of meat
    74 | D        | Killed an accursed
    74 | D        | Killed a destroyer
    75 | D        | Noticed a sculptor of flesh
    75 | D        | Killed a bag of meat
    75 | D        | Killed a bag of meat
    76 | D        | Noticed a bag of meat
    76 | D        | Noticed a bag of meat
    76 | D        | Killed a sculptor of flesh
    77 | D        | Killed a large bag of meat
    78 | D        | Noticed a wretched soul
    78 | D        | Killed a bag of meat
    78 | D        | Killed a bag of meat
    79 | D        | Killed a tyrant
    79 | D        | Killed a bag of meat
    79 | D        | Killed a bag of meat
    80 | D        | Killed a meat beast
    80 | D        | Killed a tyrant
    80 | D        | Killed a bag of meat
    81 | D        | Noticed a wretched soul
    82 | D        | Killed The Servant
    84 | D        | Killed a bag of meat
    84 | D        | Killed a bag of meat
    84 | D        | Killed a dread
    85 | D        | Killed a bag of meat
    85 | D        | Killed a bag of meat
    86 | D        | Killed a bag of meat
    88 | D        | Killed a sculptor of flesh
    88 | D        | Killed a wretched soul
    89 | D        | Noticed a wretched soul
    89 | D        | Noticed a wretched soul
    89 | D        | Noticed a meat beast
    89 | D        | Noticed a meat berserker
    90 | D        | Noticed a meat berserker
    91 | D        | Noticed an observer
    93 | D        | Killed a meat berserker
    94 | D        | Killed a meat berserker
    96 | D        | Killed a wretched soul
    99 | D        | Noticed a wretched soul
   100 | D        | Killed an observer
   101 | D        | Killed a wretched soul
   102 | D        | Killed a wretched soul
   103 | D        | Noticed an observer
   103 | D        | Noticed an observer
   104 | D        | Killed a wretched soul
   104 | D        | Killed an observer
   116 | D        | Learned a level 2 spell: Blink
   117 | D        | Noticed a bag of meat
   117 | D        | Noticed a bag of meat
   117 | D        | Noticed a bag of meat
   118 | D        | Noticed a bag of meat
   118 | D        | Noticed a tyrant
   119 | D        | Noticed a bag of meat
   121 | D        | Noticed a fleshlord
   121 | D        | Noticed a fleshlord
   122 | D        | Noticed a bag of meat
   122 | D        | Killed an observer
   123 | D        | Noticed a bag of meat
   124 | D        | Noticed a bag of meat
   125 | D        | Noticed a bag of meat
   125 | D        | Noticed a tyrant
   125 | D        | Killed a bag of meat
   126 | D        | Noticed a meat berserker
   126 | D        | Noticed a bag of meat
   126 | D        | Killed a bag of meat
   126 | D        | Killed a fleshlord
   127 | D        | Noticed a bag of meat
   128 | D        | Noticed a sculptor of flesh
   129 | D        | Noticed a bag of meat
   129 | D        | Noticed a meat berserker
   129 | D        | Noticed an eight-headed meat hydra
   130 | D        | Noticed a meat berserker
   130 | D        | Noticed a bag of meat
   130 | D        | Noticed a meat berserker
   131 | D        | Noticed a fleshlord
   132 | D        | Noticed a bag of meat
   132 | D        | Noticed a bag of meat
   132 | D        | Noticed a meat beast
   132 | D        | Killed a bag of meat
   132 | D        | Noticed a bag of meat
   133 | D        | Noticed an eight-headed meat hydra
   133 | D        | Killed a bag of meat
   133 | D        | Killed a bag of meat
   134 | D        | Noticed a wretched soul
   134 | D        | Noticed a large bag of meat
   134 | D        | Killed a bag of meat
   136 | D        | Noticed a bag of meat
   136 | D        | Noticed a bag of meat
   136 | D        | Killed a fleshlord
   136 | D        | Killed a meat berserker
   136 | D        | Killed a meat beast
   136 | D        | Killed a fleshlord
   137 | D        | Noticed a destroyer
   137 | D        | Killed a meat berserker
   137 | D        | Killed a meat berserker
   137 | D        | Killed a meat berserker
   138 | D        | Noticed a bag of meat
   138 | D        | Killed a bag of meat
   138 | D        | Killed a tyrant
   138 | D        | Killed a tyrant
   139 | D        | Killed a bag of meat
   140 | D        | Noticed a bag of meat
   140 | D        | Noticed a meat berserker
   140 | D        | Killed a bag of meat
   140 | D        | Killed a bag of meat
   140 | D        | Killed a bag of meat
   140 | D        | Killed a bag of meat
   141 | D        | Noticed a bag of meat
   141 | D        | Killed a bag of meat
   142 | D        | Noticed a bag of meat
   142 | D        | Noticed an accursed
   142 | D        | Killed a bag of meat
   143 | D        | Noticed a meat berserker
   143 | D        | Noticed a dread
   144 | D        | Killed a meat berserker
   144 | D        | Killed a dread
   145 | D        | Noticed a fleshlord
   146 | D        | Noticed a meat berserker
   146 | D        | Noticed a fleshlord
   147 | D        | Noticed an accursed
   147 | D        | Noticed a dread
   148 | D        | Noticed a wretched soul
   148 | D        | Noticed a bag of meat
   149 | D        | Noticed a dread
   149 | D        | Noticed a destroyer
   149 | D        | Noticed a fleshlord
   150 | D        | Noticed a meat berserker
   150 | D        | Noticed a fleshlord
   150 | D        | Noticed a fleshlord
   151 | D        | Noticed a dread
   152 | D        | Noticed a bag of meat
   153 | D        | Noticed a dread
   156 | D        | Killed a destroyer
   157 | D        | Noticed a meat berserker
   157 | D        | Noticed a meat berserker
   157 | D        | Noticed a meat berserker
   158 | D        | Noticed a meat beast
   159 | D        | Noticed an observer
   159 | D        | HP: 2/174 [eight-headed meat hydra (12)]
   160 | D        | Noticed an observer
   160 | D        | Noticed a dread
   160 | D        | Killed a dread
   160 | D        | Killed an observer
   160 | D        | Killed a fleshlord
   160 | D        | Killed a bag of meat
   160 | D        | Killed a meat berserker
   160 | D        | Killed a meat berserker
   161 | D        | Noticed a destroyer
   161 | D        | Noticed a fleshlord
   161 | D        | Noticed a fleshlord
   162 | D        | Noticed a meat berserker
   162 | D        | Noticed a meat berserker
   162 | D        | Killed a meat beast
   162 | D        | Killed a fleshlord
   163 | D        | Noticed a dread
   163 | D        | Noticed an observer
   163 | D        | Noticed a destroyer
   163 | D        | Noticed a meat beast
   163 | D        | Annihilated by a meat berserker

Vault maps used:
D:        meatsprint

Action                   |  1- 3 |  4- 6 |  7- 9 | 10-12 | 13-15 | 16-18 | 19-21 | 22-24 | 25-27 || total
-------------------------+-------+-------+-------+-------+-------+-------+-------+-------+-------++-------
Melee: Broad axe         |     1 |       |       |       |     5 |     2 |     3 |     3 |    27 ||    41
 Cast: Blink             |       |       |       |       |       |       |       |       |     4 ||     4
  Use: Scroll            |       |       |       |       |       |       |       |       |     2 ||     2
       Potion            |       |       |       |       |       |       |       |       |     2 ||     2
